 Dungeon Crawl Stone Soup version 0.29.1-4-g47bece8355 (webtiles) character file.

Game seed: 12288158718612189178

56 DildoBatman the Conjurer (level 4, -3/32 HPs)
             Began as a Formicid Conjurer on Dec 2, 2022.
             Slain by a gnoll
             ... wielding a +0 spear
             ... led by a gnoll sergeant
              (7 damage)
             ... on level 4 of the Dungeon.
             The game lasted 00:02:23 (1093 turns).

DildoBatman the Conjurer (Formicid Conjurer)        Turns: 1093, Time: 00:02:23

Health: -3/32      AC:  5    Str: 12    XL:     4   Next: 15%
Magic:  5/8        EV: 12    Int: 19    God:
Gold:   101        SH:  0    Dex: 12    Spells: 5/8 levels left

rFire   . . .      SeeInvis +   h - +0 mace
rCold   . . .      Faith    .   (no shield)
rNeg    + . .      Spirit   .   j - +0 robe {rN+}
rPois   .          Reflect  .   (helmet unavailable)
rElec   .          Harm     .   c - +0 cloak
rCorr   .          Rampage  .   (no gloves)
Will    .....                   i - +1 pair of boots
Stlth   ++........              (no amulet)
HPRegen 0.10/turn               (no ring)
MPRegen 0.11/turn               (no ring)

@: no status effects
A: permanent stasis, dig shafts and tunnels, antennae 3, four strong arms
a: Dig, Shaft Self


You were on level 4 of the Dungeon.
You visited 1 branch of the dungeon, and saw 3 of its levels.

You collected 101 gold pieces.

Inventory:

Hand Weapons
 f - a +0 club
 h - a +0 mace (weapon)
Missiles
 l - 13 stones
Armour
 c - a +0 cloak (worn)
 d - a +2 chain mail of willpower
 i - a +1 pair of boots (worn)
 j - a +0 robe of positive energy (worn)
 n - a +0 tower shield
Scrolls
 e - a scroll of fear {unknown}
 g - 4 scrolls of teleportation {unknown}
Potions
 a - a potion of lignification {unknown}
 b - a potion of magic
 k - a potion of mutation {unknown}
 m - a potion of curing {unknown}
 o - a potion of might {unknown}


   Skills:
 * Level 1.5 Fighting
 * Level 1.5 Armour
 - Level 2.0 Dodging
 - Level 2.4 Stealth
 * Level 2.7 Spellcasting
 * Level 4.0 Conjurations


You had 5 spell levels left.
You knew the following spells:

 Your Spells              Type           Power      Damage    Failure   Level
a - Searing Ray           Conj           34%        2d5       4%          2
c - Magic Dart            Conj           68%        1d6       3%          1

Your spell library contained the following spells:

 Spells                   Type           Power      Damage    Failure   Level
 Shock                    Conj/Air       40%        1d5       7%          1
 Slow                     Hex            8%         N/A       16%         1
 Dazzling Flash           Conj/Hex       20%        N/A       21%         3
 Confusing Touch          Hex            2%         N/A       43%         3
 Vampiric Draining        Necr           2%         2d6       43%         3
 Fulminant Prism          Conj/Hex       5%         3d7       56%         4
 Iskenderun's Mystic Bla  Conj/Tloc      10%        2d4       56%         4
 Airstrike                Air            1%         2d(1-17)  83%         4
 Swiftness                Air            Unusable   N/A       N/A         3

Dungeon Overview and Level Annotations

Branches:
Dungeon (2/15)

Altars:


Innate Abilities, Weirdness & Mutations

You cannot be hasted, slowed, berserked, paralysed or teleported.
You can dig through walls and to a lower floor.
You have a pair of large antennae on your head. (SInv)
Your four strong arms can wield two-handed weapons with a shield.


Message History

You shout for attention!
The hobgoblin hits you but does no damage.
The gnoll hits you but does no damage. What are your orders? t - Shout!
Orders for allies: a - Attack new target. r - Retreat! s - Stop attacking. g - Guard the area. f - Follow me.
Anything else - Cancel.
You shout for attention!
The hobgoblin barely misses you. The gnoll hits you but does no damage.
What are your orders? t - Shout!
Orders for allies: a - Attack new target. r - Retreat! s - Stop attacking. g - Guard the area. f - Follow me.
Anything else - Cancel.
You shout for attention!
The gnoll closely misses you.
The hobgoblin hits you but does no damage.
What are your orders? t - Shout!
Orders for allies: a - Attack new target. r - Retreat! s - Stop attacking. g - Guard the area. f - Follow me.
Anything else - Cancel.
You shout for attention!
The hobgoblin barely misses you. The gnoll barely misses you.
What are your orders? t - Shout!
Orders for allies: a - Attack new target. r - Retreat! s - Stop attacking. g - Guard the area. f - Follow me.
Anything else - Cancel.
You shout for attention!
The hobgoblin hits you.
The gnoll hits you from afar with a +0 spear!
You die... ############### ....Sgg@....... ###.########.#.

You could see a gnoll, a hobgoblin and a ball python.

Vanquished Creatures
  2 adders (D:2)
  3 dart slugs (D:1)
  2 ball pythons
  4 endoplasms
  2 giant cockroaches (D:1)
  4 goblins
  2 hobgoblins
  2 jackals (D:1)
  A quokka (D:1)
  2 bats (D:1)
  3 frilled lizards (D:1)
  3 kobolds (D:1)
30 creatures vanquished.

Notes
Turn   | Place    | Note
-------+----------+-------------------------------------------
     0 | D:1      | DildoBatman the Formicid Conjurer began the quest for the
                  | Orb.
     0 | D:1      | Reached XP level 1. HP: 13/13 MP: 3/3
   231 | D:1      | Reached XP level 2. HP: 20/20 MP: 1/5
   234 | D:1      | Learned a level 2 spell: Searing Ray
   436 | D:1      | Reached skill level 1 in Armour
   450 | D:1      | Reached skill level 1 in Fighting
   450 | D:1      | Reached XP level 3. HP: 21/26 MP: 1/6
   750 | D:1      | Found a faded altar of an unknown god.
  1062 | D:2      | Reached skill level 4 in Conjurations
  1062 | D:2      | Reached XP level 4. HP: 32/32 MP: 1/8
  1064 | D:2      | You fall into a shaft and drop 2 floors!
  1093 | D:4      | Slain by a gnoll

Illustrated notes

Levels and vault maps discovered:
D:1:      onia_arrival_pyramid, layout_loops_ring,
          shapermc_ecumenical_altar_totnotflames
D:2:      layout_basic, serial_curves, eino_curves_02, eino_curves_01,
          basic_altar
D:4:      layout_loops_ring, gammafunk_temple_overflow_claw,
          minmay_temple_entry_offerings, minmay_misc_feat_x, minivault_5,
          uniq_edmund

Skill      XL: |  1  2  3 |
---------------+----------+-----
Dodging        | 2 |  2.0
Armour         | 1 |  1.5
Fighting       | 1 |  1.5
Conjurations   | 4 |  4.0
Stealth        | |  2.4
Spellcasting   | |  2.7

Action                   |  1- 3 |  4- 6 || total
-------------------------+-------+-------++-------
Melee: Club              |     9 |       ||     9
       Unarmed           |     4 |       ||     4
       Mace              |     5 |       ||     5
 Cast: Magic Dart        |    58 |       ||    58
       Searing Ray       |     1 |       ||     1
 Abil: Shaft Self        |       |     1 ||     1
Armor: Robe              |     8 |    12 ||    20
Dodge: Dodged            |    17 |    21 ||    38
